 Dungeon Crawl Stone Soup version 0.30.1 (webtiles) character file.

Game seed: 2264269933522969185

24582 wingedge the Summoner (level 12, -3/97 HPs)
             Began as a Demigod Wanderer on July 7, 2023.
             Collided with some lava (9 damage)
             ... caused by a swamp worm
             ... on level 3 of the Lair of Beasts.
             The game lasted 01:00:26 (15789 turns).

wingedge the Summoner (Demigod Wanderer)           Turns: 15789, Time: 01:00:27

Health: -3/97      AC: 14    Str:  7    XL:     12   Next: 47%
Magic:  22/27      EV: 15    Int: 34    God:
Gold:   904        SH:  0    Dex: 20    Spells: 1/25 levels left

rFire   + . .        b - +4 quarterstaff of Doom {venom, Str-4 Int+5}
rCold   . . .        (shield currently unavailable)
rNeg    . . .        L - +1 robe of Toesmun {rElec rPois Regen+ Dex-2}
rPois   +            c - +1 helmet
rElec   +            T - +2 cloak {rCorr}
rCorr   +            f - +1 pair of gloves
SInv    .            r - +3 pair of seven-league boots {Rampage+∞}
Will    +....        S - amulet of magic regeneration
Stlth   +++          m - +6 ring of dexterity
HPRegen 1.16/turn    V - ring of protection from fire
MPRegen 0.60/turn

%: rampage+∞
@: brilliant, lethally poisoned (-3 -> -28)
A: high MP 1, forlorn, divine attributes
a: no special abilities


You were on level 3 of the Lair of Beasts.
You visited 2 branches of the dungeon, and saw 13 of its levels.

You collected 916 gold pieces.
You spent 12 gold pieces at shops.

Inventory:

Hand Weapons
 a - the +7 falchion "Bealecia" {holy, rElec Dex+4}
   (You found it on level 4 of the Dungeon)

   Dex:       It affects your dexterity (+4).
   rElec:     It insulates you from electricity.
 b - the +4 quarterstaff of Doom (weapon) {venom, Str-4 Int+5}
   (You found it on level 2 of the Lair of Beasts)

   Str:       It affects your strength (-4).
   Int:       It affects your intelligence (+5).
 i - the +5 spear of Balance {drain, rF+ MP+9}
   (You found it on level 2 of the Lair of Beasts)

   rF:        It protects you from fire.
   MP:        It affects your magic capacity (+9).
Missiles
 A - 30 poisoned darts
 B - 2 curare-tipped darts (quivered)
 G - a throwing net
Armour
 c - a +1 helmet (worn)
 f - a +1 pair of gloves (worn)
 r - the +3 pair of seven-league boots (worn) {Rampage+∞}
   (You found it on level 10 of the Dungeon)

   Rampage+∞: When moving toward enemies, its wearer moves as far as possible,
   alerting their target en route.
 s - a +0 buckler
 L - the +1 robe of Toesmun (worn) {rElec rPois Regen+ Dex-2}
   (You found it on level 7 of the Dungeon)

   Dex:       It affects your dexterity (-2).
   rElec:     It insulates you from electricity.
   rPois:     It protects you from poison.
   Regen:     It increases your rate of health regeneration.
 T - a +2 cloak of preservation (worn)
Magical Staves
 g - a staff of fire
 N - a staff of conjuration
 O - a staff of air
 R - a staff of earth
Jewellery
 m - a +6 ring of dexterity (left hand)
 u - a +6 ring of strength
 D - a +6 ring of dexterity
 S - an amulet of magic regeneration (around neck)
 V - a ring of protection from fire (right hand)
Wands
 y - a wand of mindburst (13)
 E - a wand of polymorph (8)
 H - a wand of paralysis (20)
 K - a wand of flame (11)
 U - a wand of roots (8)
 W - a wand of light (6)
Scrolls
 e - 7 scrolls of poison
 j - 3 scrolls of teleportation
 o - a scroll of fear
 q - 2 scrolls of immolation
 v - 2 scrolls of enchant armour
 F - a scroll of amnesia
 I - 2 scrolls of blinking
 M - a scroll of enchant weapon
 P - a scroll of magic mapping
Potions
 d - 4 potions of haste
 h - a potion of ambrosia
 k - a potion of heal wounds
 l - 6 potions of lignification
 n - 3 potions of might
 p - a potion of magic {unknown}
 t - a potion of berserk rage
 w - 5 potions of attraction
 z - 2 potions of cancellation
 C - a potion of invisibility
 J - 2 potions of brilliance
 Q - a potion of resistance


   Skills:
 + Level 6.7 Fighting
 - Level 3.0(4.6) Short Blades
 - Level 5.6(6.0) Long Blades
 - Level 1.0 Armour
 + Level 5.1 Dodging
 - Level 3.0 Stealth
 + Level 7.2 Spellcasting
 - Level 4.0 Conjurations
 - Level 6.0 Hexes
 - Level 9.0 Summonings
 - Level 6.0 Necromancy
 - Level 4.0 Translocations
 - Level 7.0 Ice Magic


You had one spell level left.
You knew the following spells:

 Your Spells              Type           Power      Damage    Failure   Level
a - Momentum Strike       Conj/Tloc      100%       3d10      1%          2
b - Lesser Beckoning      Tloc           100%       N/A       1%          2
c - Call Canine Familiar  Summ           83%        N/A       1%          3
d - Summon Guardian Gole  Hex/Summ       76%        N/A       1%          3
e - Summon Ice Beast      Ice/Summ       79%        N/A       1%          4
f - Frozen Ramparts       Ice            100%       1d16      1%          3
g - Anguish               Hex/Necr       34%        N/A       3%          4
h - Hailstorm             Conj/Ice       65%        3d14      1%          3

Your spell library contained the following spells:

 Spells                   Type           Power      Damage    Failure   Level
 Freeze                   Ice            100%       1d10      1%          1
 Necrotise                Necr           100%       1d9       1%          1
 Summon Small Mammal      Summ           100%       N/A       1%          1
 Ensorcelled Hibernation  Hex/Ice        100%       N/A       1%          2
 Portal Projectile        Hex/Tloc       100%       N/A       1%          3
 Ice Form                 Ice/Tmut       52%        N/A       9%          4
 Spider Form              Tmut/Pois      18%        N/A       11%         3
 Leda's Liquefaction      Hex/Erth       24%        N/A       11%         4


Dungeon Overview and Level Annotations

Branches:
Dungeon (10/15)            Temple (0/1) D:7            Lair (3/5) D:10
  Swamp (0/4) Lair:2        Snake (0/4) Lair:2          Orc (0/2) D:10

Shops:
D:4 ?   D:5 (   D:10 (

Annotations:
D:4 dig for scarf
D:6 2 transporters
Lair:3 1 transporter, 3 runed translucent doors, kawopi's ghost, journeyman DgTm; suzumiya's ghost, journeyman MfGl


Innate Abilities, Weirdness & Mutations

You have an increased reservoir of magic. (+10% MP)
You shall have no god before yourself.
Your divine heritage dramatically boosts your attributes as you level up.


Message History

The swamp worm is almost dead.
The hail pelts the briar patch!
You destroy the briar patch!
The hail pelts the briar patch!
You destroy the briar patch!
You feel very sick.
Okay, then.
Casting: Hailstorm (safe; 1% risk of failure)
Confirm with . or Enter, or press ? or * to list all spells.
Casting: Hailstorm (safe; 1% risk of failure)
Press: ? - help, Dir - look around, f - activate You feel a surge of power!
A cannonade of hail descends around you!
The hail pelts the swamp worm!
You kill the swamp worm!
You feel sick.
The swamp worm fires a harpoon shot at you.
The harpoon shot misses you.
You completely miss the briar patch.
The briar patch is severely damaged.
You feel very sick.
You are engulfed in dark miasma.
You are lethally poisoned!
* * * LOW HITPOINT WARNING * * *
x2 You feel extremely sick.
You feel much better.
You are engulfed in dark miasma.
You are more poisoned.
You feel extremely sick.
The swamp worm fires a harpoon shot at you.
The harpoon shot hits you!!
* * * LOW HITPOINT WARNING * * *
You are yanked forward by the harpoon shot.
You violently stop moving!
* * * LOW HITPOINT WARNING * * *
The swamp worm fires a harpoon shot at you.
The harpoon shot hits you.
* * * LOW HITPOINT WARNING * * *
You are yanked forward by the harpoon shot.
You violently stop moving!
You die...

#..........÷## #.# ##### ###
#..........÷.######
#...............§######### ####
#[.....#########.....##..###..#
###......##.#†#§##...............
........##≈§≈≈#§§####...†..†.....
........#P....○§P#([#............
.......©#©^^^^^^§+?©#©...........
#.......#....○..@#)=#............
........##≈§≈#≈≈≈####............
.........#♣#†#♣#w#.......###.....
.......P.#########........#####..
.........................####....
..........##P.............##.....
........####................#..:.
#.......# #.....................
##......# #.......#.............


You could see a swamp worm.

Vanquished Creatures
  Pikel (D:8)
  A phantasmal warrior (D:10)
  A will-o-the-wisp (Lair:2)
  A black mamba (Lair:3)
  A guardian serpent (D:10)
  2 cane toads
  A rime drake (Lair:2)
  A hornet (D:9)
  Sigmund (D:2)
  3 steam dragons
  Edmund (D:4)
  4 swamp worms (Lair:3)
  4 water moccasins
  An acid dragon (D:9)
  3 orc warriors
  A black bear (D:7)
  A centaur (D:8)
  6 wolves
  2 lemures (D:7)
  2 phantoms
  3 kobold brigands
  8 bullfrogs
  2 scorpions
  4 killer bees (D:7)
  An electric eel (D:7)
  2 howler monkeys (D:9)
  2 orc priests
  3 hounds
  2 gnoll boudas (D:6)
  Jessica (D:3)
  Natasha (thrice) (D:2)
  2 iguanas (D:5)
  13 orc wizards
  Robin (D:1)
  8 gnolls
  6 adders
  2 shadow imps (D:7)
  3 white imps
  An ufetubus (D:5)
  A worm (D:3)
  4 dart slugs
  17 orcs
  2 ball pythons (D:1)
  4 bats
  4 endoplasms
  A giant cockroach (D:3)
  10 hobgoblins
  5 jackals
  10 kobolds
  5 quokkas
  9 frilled lizards
  16 goblins
  6 rats
199 creatures vanquished.

Vanquished Creatures (collateral kills)
  A hydra (Lair:3)
  2 death yaks (Lair:3)
  A fire crab (Lair:2)
  A lindwurm (Lair:3)
  2 elephants (Lair:1)
  2 black mambas (Lair:1)
  2 komodo dragons
  3 cane toads
  A kobold demonologist (D:10)
  A troll (D:10)
  3 blink frogs (Lair:3)
  2 basilisks
  A yak (D:9)
  A naga (Lair:2)
  4 water moccasins
  A swamp drake (D:10)
  2 black bears
  2 orc warriors (D:10)
  6 wolves
  2 ogres (D:5)
  A centaur (D:9)
  A phantom (D:5)
  2 lemures (D:8)
  2 kobold brigands (D:10)
  8 bullfrogs
  3 scorpions (D:5)
  3 wights (D:9)
  A howler monkey (D:10)
  A jelly (D:5)
  3 orc priests
  7 orc wizards
  2 gnolls
  An adder (D:3)
  A dart slug (D:4)
  22 orcs
  A goblin (D:3)
  10 kobolds
109 creatures vanquished.

Vanquished Creatures (others)
  A two-headed ogre (D:10)
  2 death yaks (Lair:3)
  A black mamba (Lair:3)
  3 elephants (Lair:1)
  4 cane toads
  A yaktaur (D:10)
  2 polar bears (Lair:3)
  A troll (D:10)
  5 yaks (D:9)
  A basilisk (Lair:1)
  2 nagas (Lair:2)
  An orc warrior (D:9)
  5 wolves
  An ogre (D:6)
  A gnoll sergeant (D:9)
  An orc wizard (D:9)
  3 gnolls (D:9)
  2 foxfires (Lair:2)
37 creatures vanquished.

Grand Total: 345 creatures vanquished

Notes
Turn   | Place    | Note
-------+----------+-------------------------------------------
     0 | D:1      | wingedge the Demigod Wanderer began the quest for the Orb.
     0 | D:1      | wingedge set off with the following items: a +2 short
                  | sword, a +0 helmet, a potion of berserk rage, a +0 robe;
                  | and the following spells available to memorise: Lesser
                  | Beckoning, Momentum Strike.
     0 | D:1      | Reached XP level 1. HP: 16/16 MP: 4/4
   256 | D:1      | Reached XP level 2. HP: 23/23 MP: 5/5
   408 | D:1      | Reached skill level 1 in Conjurations
   427 | D:1      | Learned a level 2 spell: Momentum Strike
  1101 | D:2      | Noticed Robin
  1133 | D:1      | Killed Robin
  1134 | D:1      | Reached XP level 3. HP: 28/28 MP: 2/6
  1691 | D:2      | Learned a level 2 spell: Lesser Beckoning
  1875 | D:2      | Noticed Natasha
  1879 | D:2      | Killed Natasha
  1880 | D:2      | Reached XP level 4. HP: 32/35 MP: 4/8
  2012 | D:2      | Noticed Sigmund
  2096 | D:2      | Killed Sigmund
  2097 | D:2      | Reached skill level 2 in Summonings
  2097 | D:2      | Reached XP level 5. HP: 40/40 MP: 2/10
  2101 | D:2      | Learned a level 3 spell: Call Canine Familiar
  2382 | D:2      | Noticed Natasha
  2397 | D:2      | Killed Natasha
  2610 | D:2      | Noticed Natasha
  2614 | D:2      | Killed Natasha
  2615 | D:2      | Reached XP level 6. HP: 47/47 MP: 6/11
  2923 | D:3      | Noticed Jessica
  2928 | D:3      | Killed Jessica
  3592 | D:4      | Found Gaotikay's Magic Scroll Shoppe.
  3610 | D:4      | Bought a scroll of noise for 12 gold pieces
  3866 | D:4      | Identified the +7 falchion "Bealecia" {holy, rElec Dex+4}
  4031 | D:4      | Noticed a steam dragon
  4036 | D:4      | Killed a steam dragon
  4037 | D:4      | Reached skill level 3 in Summonings
  4037 | D:4      | Reached XP level 7. HP: 17/52 MP: 8/14
  4174 | D:4      | Noticed Edmund
  4188 | D:4      | Killed Edmund
  4558 | D:4      | Reached skill level 4 in Summonings
  4682 | D:5      | Entered Level 5 of the Dungeon
  5046 | D:5      | Reached skill level 5 in Summonings
  5199 | D:5      | Reached XP level 8. HP: 56/62 MP: 10/15
  5353 | D:5      | Reached skill level 1 in Dodging
  5654 | D:5      | Reached skill level 1 in Long Blades
  5906 | D:5      | Found Jucapy's Weapon Shop.
  6011 | D:5      | Learned a level 3 spell: Summon Guardian Golem
  6077 | D:5      | Reached skill level 6 in Summonings
  6710 | D:6      | Reached skill level 1 in Hexes
  6946 | D:6      | Found a transporter.
  6979 | D:6      | Found a transporter.
  7459 | D:6      | HP: 2/63 [steam dragon/ball of steam (6)]
  7656 | D:6      | Noticed a kobold demonologist
  7875 | D:7      | Reached XP level 9. HP: 56/69 MP: 12/16
  7942 | D:7      | Identified the +1 robe of Toesmun {rElec rPois Regen+
                  | Dex-2}
  8430 | D:7      | Reached skill level 7 in Summonings
  8603 | D:7      | Found a staircase to the Ecumenical Temple.
  8866 | D:8      | Reached skill level 5 in Long Blades
  8938 | D:8      | Noticed Pikel
  9324 | D:8      | Killed Pikel
  9464 | D:8      | Learned a level 4 spell: Summon Ice Beast
  9564 | D:9      | Reached skill level 1 in Ice Magic
  9807 | D:9      | Reached XP level 10. HP: 80/80 MP: 7/17
 10248 | D:9      | Reached skill level 5 in Fighting
 10248 | D:9      | Reached skill level 5 in Dodging
 10766 | D:10     | Entered Level 10 of the Dungeon
 10815 | D:10     | Noticed a two-headed ogre
 10831 | D:10     | Killed a two-headed ogre
 10993 | D:10     | Got Kikubaaqudgha's Elucidation of the Morgue
 11022 | D:10     | Reached skill level 5 in Ice Magic
 11172 | D:10     | Noticed a phantasmal warrior
 11176 | D:10     | Killed a phantasmal warrior
 11198 | D:10     | Noticed a guardian serpent
 11198 | D:10     | Found the +3 pair of seven-league boots {Rampage+∞}
 11208 | D:10     | Killed a guardian serpent
 11224 | D:10     | Reached skill level 5 in Spellcasting
 11403 | D:10     | Learned a level 3 spell: Frozen Ramparts
 11454 | D:10     | Found a staircase to the Lair.
 11507 | D:10     | Noticed a sixfirhy
 11932 | D:10     | Found Sunoaghy's Antique Weapon Boutique.
 12166 | D:10     | Found a staircase to the Orcish Mines.
 12192 | D:10     | Reached XP level 11. HP: 88/88 MP: 13/22
 12394 | Lair:1   | Entered Level 1 of the Lair of Beasts
 12729 | Lair:1   | Reached skill level 1 in Necromancy
 13041 | Lair:1   | Reached skill level 8 in Summonings
 13827 | Lair:2   | Identified the +5 spear of Balance {drain, rF+ MP+9}
 13835 | Lair:2   | Identified the +4 quarterstaff of Doom {venom, Str-4 Int+5}
 14031 | Lair:2   | Found a staircase to the Swamp.
 14113 | Lair:2   | Noticed a fire crab
 14125 | Lair:2   | Killed a fire crab
 14454 | Lair:2   | Reached skill level 5 in Hexes
 14635 | Lair:2   | You fall into a shaft and drop 1 floor!
 14669 | Lair:3   | Learned a level 4 spell: Anguish
 14695 | Lair:3   | Found a transporter.
 14859 | Lair:3   | Reached XP level 12. HP: 96/96 MP: 14/25
 14989 | Lair:3   | Noticed a six-headed hydra
 14993 | Lair:3   | Killed a six-headed hydra
 14994 | Lair:3   | Reached skill level 9 in Summonings
 15082 | Lair:2   | Found a staircase to the Snake Pit.
 15084 | Lair:2   | Reached skill level 5 in Necromancy
 15452 | Lair:3   | Found a transporter.
 15551 | Lair:3   | Found a runed translucent gate.
 15551 | Lair:3   | Found a runed translucent gate.
 15551 | Lair:3   | Found a runed translucent gate.
 15555 | Lair:3   | Noticed kawopi's ghost (journeyman DgTm)
 15555 | Lair:3   | Noticed suzumiya's ghost (journeyman MfGl)
 15755 | Lair:3   | Learned a level 3 spell: Hailstorm
 15789 | Lair:3   | Collided with some lava

Illustrated notes

Levels and vault maps discovered:
D:1:      dpeg_arrival_erosion, layout_basic, palyth_stone_intersect,
          hangedman_abyss_or_decor_lesser_grid
D:2:      layout_loops_ring, grunt_ministairs_15, uniq_natasha, uniq_sigmund,
          uniq_robin
D:3:      layout_rooms, mainiacjoe_overflow_alcove_4, minmay_starry_boxes,
          uniq_jessica
D:4:      cheibrodos_quashed, layout_gridville, nzn_wu_jian_council_hall,
          serial_shops, nicolae_shop_waterfront, uniq_edmund
D:5:      nicolae_cairo_tiling_large, layout_basic,
          nemelex_diamond_rough_becter, mainiacjoe_overflow_alcove_2,
          serial_shops, nicolae_shop_peninsula, minmay_chambers_of_fives
D:6:      gammafunk_wand_slinger, layout_basic, mainiacjoe_overflow_brackets
D:7:      layout_basic, mainiacjoe_overflow_chevrons,
          minmay_temple_entry_proselytizer, kennysheep_diamond
D:8:      layout_rooms, mainiacjoe_overflow_six_doors_small,
          mainiacjoe_overflow_cross_hatched, cheibriados_altar_1, uniq_pikel
D:9:      layout_roguey, old_standard_altar, kennysheep_mini_moat,
          lemuel_round_altar
D:10:     layout_rooms, grunt_temple_overflow_magic_moments,
          hangedman_ru_absence, dpeg_oklobed_lair, erik_orc_1, serial_shops,
          shop, minmay_misc_feat_cross,
          hellmonk_guarded_unrand_seven_league_boots
Lair:1:   layout_cave_shapes, chequers_serial_rivers_micro_a
Lair:2:   dpeg_oklob_shooting_range, layout_hall_layers,
          minmay_swamp_entry_wisps, nicolae_snake_entry_squirm,
          chequers_serial_rivers_room_a, grunt_forest_stairs_basic,
          minmay_hedge_maze
Lair:3:   gammafunk_worm_tunnel, layout_hall_layers, gammafunk_ghost_cemetery

Skill      XL: |  1  2  3  4  5  6  7  8  9 10 11 12 |
---------------+-------------------------------------+-----
Stealth        | 2 3 |  3.0
Translocations | 2 3 4 |  4.0
Short Blades   | 3 |  3.0
Conjurations   | 2 3 4 |  4.0
Spellcasting   | 2 3 5 6 7 |  7.2
Summonings     | 2 3 5 6 7 8 9 |  9.0
Fighting       | 2 3 4 5 6 |  6.7
Dodging        | 2 4 5 |  5.1
Long Blades    | 3 5 |  5.6
Hexes          | 2 3 5 6 |  6.0
Ice Magic      | 1 6 7 |  7.0
Necromancy     | 4 6 |  6.0
Armour         | |  1.0

Action                     |  1- 3 |  4- 6 |  7- 9 | 10-12 || total
---------------------------+-------+-------+-------+-------++-------
  Melee: Short sword       |    88 |    80 |       |       ||   168
         Punch             |     1 |       |     1 |     2 ||     4
         Falchion          |       |     2 |   183 |   143 ||   328
         Spear             |       |       |       |     4 ||     4
         Quarterstaff      |       |       |       |    10 ||    10
  Throw: Dart              |       |       |     1 |       ||     1
   Cast: Momentum Strike   |    19 |    33 |    37 |    11 ||   100
         Lesser Beckoning  |       |     2 |     4 |     3 ||     9
         Call Canine Famil |       |     9 |    54 |    45 ||   108
         Summon Guardian G |       |       |    10 |    43 ||    53
         Summon Ice Beast  |       |       |       |    45 ||    45
         Frozen Ramparts   |       |       |       |    14 ||    14
         Anguish           |       |       |       |    10 ||    10
         Hailstorm         |       |       |       |     8 ||     8
  Evoke: Wand              |       |     2 |     3 |     1 ||     6
    Use: Potion            |     1 |       |     4 |     3 ||     8
         Scroll            |     5 |     3 |     8 |     8 ||    24
   Stab: Sleeping          |       |     2 |     4 |       ||     6
         Distracted        |       |       |     2 |     6 ||     8
         Paralysed         |       |       |     1 |       ||     1
 Armour: Chain mail        |    16 |       |       |       ||    16
         Robe              |     7 |       |    27 |    64 ||    98
         Animal skin       |     6 |    30 |    25 |       ||    61
  Dodge: Dodged            |    40 |    41 |   159 |   139 ||   379
  Block: Buckler           |       |       |    63 |    22 ||    85
